[Event "ICC tourney 2482 (75 10)"]
[Site "Internet Chess Club"]
[Date "2021.03.27"]
[Round "1"]
[White "YERRA, SAI SNEHA:saisneha"]
[Black "JOSEPH BENHER, SAVIO Bennihyn:savchess06"]
[Result "1/2-1/2"]
[ICCResult "Game drawn by repetition"]
[WhiteElo "1901"]
[BlackElo "2096"]
[Opening "Bogo-Indian defense, Nimzovich variation"]
[ECO "E11"]
[NIC "QI.01"]
[Time "12:03:25"]
[PlyCount "115"]
[TimeControl "4500+10"]

1. d4 Nf6 2. c4 e6 3. Nf3 Bb4+ 4. Bd2 Qe7 5. g3 b6 6. Bg2 Bb7 7. O-O Bxd2
8. Nbxd2 O-O 9. Qc2 c5 10. e3 d6 11. Rfe1 Nc6 12. Nb3 a5 13. Rad1 Nb4 14.
Qd2 a4 15. Nc1 a3 16. bxa3 Rxa3 17. Qb2 Rfa8 18. Re2 Ne4 19. dxc5 dxc5 20.
Ne5 Nc3 21. Rd7 Nxe2+ 22. Qxe2 Qf6 23. Bxb7 Qxe5 24. Bxa8 Rxa8 25. Qf3 Rf8
26. a3 Qc3 27. axb4 Qxc1+ 28. Rd1 Qxc4 29. bxc5 bxc5 30. Rd7 h6 31. Kg2 f5
32. Qb7 Qe4+ 33. Qxe4 fxe4 34. Rc7 Rf5 35. g4 Rd5 36. Re7 e5 37. Rc7 g5 38.
Kf1 Kf8 39. Ke2 Ke8 40. Rc6 Kd7 41. Rxh6 c4 42. Ra6 Rb5 43. Ra2 Kc6 44. Kd2
Kc5 45. Kc2 Kd5 46. Kd2 Rb3 47. Kc2 Rb5 48. Kd2 Kc5 49. Kc2 Kd5 50. Kd2 Rb1
51. Kc2 Rf1 52. Kc3 Rc1+ 53. Kd2 Rb1 54. Kc2 Rb3 55. Ra5+ Kd6 56. Ra6+ Kc5
57. Ra5+ Rb5 58. Ra2 { Game drawn by repetition } 1/2-1/2

[Event "ICC tourney 2482 (75 10)"]
[Site "Internet Chess Club"]
[Date "2021.03.27"]
[Round "2"]
[White "ZHANG, SAMUEL:lmperatorX"]
[Black "IVANOV, ALEXANDER:marble"]
[Result "0-1"]
[ICCResult "White resigns"]
[WhiteElo "2113"]
[BlackElo "2506"]
[Opening "Robatsch defense: two knights, Suttles variation"]
[ECO "B06"]
[NIC "KF.05"]
[Time "15:31:45"]
[PlyCount "20"]
[TimeControl "4500+10"]

1. e4 g6 2. d4 Bg7 3. Nc3 c6 4. Nf3 d6 5. h4 Bg4 6. Be2 Qb6 7. Ng1 Bxe2 8.
Ngxe2 Nf6 9. Be3 Ng4 10. Bc1 e5 { White resigns } 0-1

[Event "ICC tourney 2482 (75 10)"]
[Site "Internet Chess Club"]
[Date "2021.03.27"]
[Round "2"]
[White "LUO, TERRY:Terry1234"]
[Black "RAJANISH, ADHVAITH:Adhvaith0406"]
[Result "1-0"]
[ICCResult "Black resigns"]
[WhiteElo "2277"]
[BlackElo "2036"]
[Opening "Catalan: open, 5.Nf3"]
[ECO "E04"]
[NIC "CA.03"]
[Time "15:31:51"]
[PlyCount "63"]
[TimeControl "4500+10"]

1. d4 Nf6 2. c4 e6 3. g3 d5 4. Nf3 dxc4 5. Bg2 c5 6. O-O Nc6 7. Qa4 cxd4 8.
Nxd4 Qxd4 9. Bxc6+ Bd7 10. Rd1 Bxc6 11. Qxc6+ bxc6 12. Rxd4 Rd8 13. Rxd8+
Kxd8 14. Nd2 c3 15. bxc3 Nd5 16. Bb2 Be7 17. c4 Nf6 18. Nf3 Kc7 19. Rd1 Bd6
20. Ng5 Rf8 21. Bxf6 gxf6 22. Nxh7 Rb8 23. Nxf6 Be5 24. Rd7+ Kc8 25. Rxf7
Rb1+ 26. Kg2 Rb2 27. Ng4 Bd4 28. e3 Bc5 29. h4 Rxa2 30. h5 Rc2 31. h6 Rxc4
32. h7 { Black resigns } 1-0

[Event "ICC tourney 2482 (75 10)"]
[Site "Internet Chess Club"]
[Date "2021.03.27"]
[Round "2"]
[White "CAO, TIMOTHY:tcao"]
[Black "GAO, MATTHEW IAN:xcelswimmer"]
[Result "1-0"]
[ICCResult "Black resigns"]
[WhiteElo "2067"]
[BlackElo "1916"]
[Opening "French: Winawer, advance, Bogolyubov variation"]
[ECO "C17"]
[NIC "FR.10"]
[Time "15:31:46"]
[PlyCount "47"]
[TimeControl "4500+10"]

1. e4 e6 2. d4 d5 3. Nc3 Bb4 4. e5 c5 5. Bd2 Ne7 6. a3 Bxc3 7. Bxc3 Nbc6 8.
dxc5 d4 9. Bd2 Nxe5 10. Nf3 Nxf3+ 11. Qxf3 O-O 12. O-O-O Qc7 13. Bd3 e5 14.
Rhe1 Be6 15. Qe4 Ng6 16. g4 Qd7 17. f4 f5 18. Qe2 e4 19. gxf5 exd3 20.
Qxe6+ Qxe6 21. fxe6 dxc2 22. Kxc2 Nxf4 23. e7 d3+ 24. Kb3 { Black resigns }
1-0

[Event "ICC tourney 2482 (75 10)"]
[Site "Internet Chess Club"]
[Date "2021.03.27"]
[Round "2"]
[White "HO, COOPER:arsenicblast"]
[Black "BELOUS, VLADIMIR:Openyagami"]
[Result "0-1"]
[ICCResult "White resigns"]
[WhiteElo "1975"]
[BlackElo "2607"]
[Opening "Sicilian: Labourdonnais-Löwenthal (Kalashnikov) variation"]
[ECO "B32"]
[NIC "SI.32"]
[Time "15:31:38"]
[PlyCount "60"]
[TimeControl "4500+10"]

1. e4 c5 2. Nf3 Nc6 3. d4 cxd4 4. Nxd4 e5 5. Nb5 d6 6. N1c3 a6 7. Na3 b5 8.
Nd5 Nge7 9. Bg5 h6 10. Be3 Nxd5 11. exd5 Ne7 12. c4 Nf5 13. Qd2 Nxe3 14.
Qxe3 Be7 15. cxb5 O-O 16. b6 Bd7 17. Nc4 Ba4 18. b3 Bb5 19. a4 Bg5 20. Qc3
Bxc4 21. Bxc4 Qxb6 22. a5 Qa7 23. O-O e4 24. Qg3 Bf6 25. Rac1 Be5 26. Qe3
f5 27. Qxa7 Rxa7 28. Rc2 Rb8 29. Rb1 Rc7 30. Ra2 Rxc4 { White resigns } 0-1

[Event "ICC tourney 2482 (75 10)"]
[Site "Internet Chess Club"]
[Date "2021.03.27"]
[Round "2"]
[White "ZHANG, ROGER:RogerZ"]
[Black "JORAJURIA MENDOZA, ALGOL:AJM04"]
[Result "0-1"]
[ICCResult "White resigns"]
[WhiteElo "1957"]
[BlackElo "2050"]
[Opening "Sicilian: Nimzovich-Rossolimo attack (with ...g6, without ...d6)"]
[ECO "B31"]
[NIC "SI.31"]
[Time "15:31:54"]
[PlyCount "90"]
[TimeControl "4500+10"]

1. e4 c5 2. Nf3 Nc6 3. Bb5 g6 4. O-O Bg7 5. Re1 e5 6. Bxc6 dxc6 7. d3 Qc7
8. Nbd2 Nf6 9. Nc4 Nd7 10. Bd2 b6 11. a4 a5 12. b3 Nf8 13. Bc3 f6 14. h3
Be6 15. Kh2 g5 16. Nfd2 O-O-O 17. Bb2 h5 18. Re3 Ng6 19. c3 g4 20. b4 Bh6
21. bxa5 bxa5 22. Ba3 Bxe3 23. fxe3 Rxd3 24. Qc2 Rhd8 25. Rb1 g3+ 26. Kg1
Bxc4 27. Nxc4 Qb7 28. Kf1 Qa6 29. Qb3 Rd1+ 30. Rxd1 Rxd1+ 31. Qxd1 Qxc4+
32. Qe2 Qxe4 33. Bxc5 Kc7 34. Qd2 Qc4+ 35. Qe2 Qxc5 36. Qxh5 Qxe3 37. Qe2
Qc1+ 38. Qe1 Qxe1+ 39. Kxe1 Nh4 40. Kf1 Kd6 41. Ke2 f5 42. Kf1 Kc5 43. Ke2
f4 44. Kf1 Kc4 45. Ke2 Kxc3 { White resigns } 0-1

[Event "ICC tourney 2482 (75 10)"]
[Site "Internet Chess Club"]
[Date "2021.03.27"]
[Round "2"]
[White "TANG, AUSTIN:Mrpeetapizza"]
[Black "Poliannikov, Danila:dopolian"]
[Result "0-1"]
[ICCResult "White checkmated"]
[WhiteElo "1874"]
[BlackElo "2266"]
[Opening "Ruy Lopez: open, 7.Bb3"]
[ECO "C80"]
[NIC "RL.27"]
[Time "15:31:38"]
[PlyCount "50"]
[TimeControl "4500+10"]

1. e4 e5 2. Nf3 Nc6 3. Bb5 a6 4. Ba4 Nf6 5. O-O Nxe4 6. d4 b5 7. Bb3 d5 8.
Nxe5 Nxe5 9. dxe5 c6 10. c3 Bc5 11. Nd2 Bf5 12. Nxe4 Bxe4 13. Bc2 Bxc2 14.
Qxc2 O-O 15. Kh1 f6 16. exf6 Qxf6 17. a4 Rae8 18. f3 Qh4 19. axb5 axb5 20.
b3 Bd6 21. f4 Re1 22. Bd2 Rxf4 23. Ra8+ Bf8 24. Rxe1 Qxe1+ 25. Bxe1 Rf1# {
White checkmated } 0-1

[Event "ICC tourney 2482 (75 10)"]
[Site "Internet Chess Club"]
[Date "2021.03.27"]
[Round "2"]
[White "HEBDEN, MARK L:mhebden"]
[Black "KRISHNAKUMAR, SRIRAM:sriramk"]
[Result "1/2-1/2"]
[ICCResult "Game drawn by mutual agreement"]
[WhiteElo "2503"]
[BlackElo "2165"]
[Opening "QGD Slav: 4.e3"]
[ECO "D11"]
[NIC "QP.08"]
[Time "15:31:40"]
[PlyCount "131"]
[TimeControl "4500+10"]

1. d4 d5 2. Nf3 Nf6 3. c4 c6 4. e3 e6 5. Bd3 Nbd7 6. b3 Bd6 7. Bb2 O-O 8.
O-O b6 9. Nbd2 Bb7 10. e4 dxe4 11. Nxe4 Nxe4 12. Bxe4 Nf6 13. Bc2 c5 14.
dxc5 Bxc5 15. Qe2 h6 16. Ne5 Qe7 17. Rad1 Rad8 18. Ng4 Nxg4 19. Qxg4 Qg5
20. Qxg5 hxg5 21. Bc3 a5 22. Be5 f6 23. Bc7 Rc8 24. Bg3 Rcd8 25. h3 e5 26.
Rfe1 Bd4 27. Kf1 Rd6 28. f3 Rfd8 29. Bf2 Kf7 30. Bxd4 Rxd4 31. Ke2 Ke6 32.
Rxd4 Rxd4 33. Rd1 Rxd1 34. Kxd1 f5 35. Kd2 g4 36. hxg4 fxg4 37. Be4 Bc8 38.
fxg4 Kd6 39. g5 Bd7 40. a3 b5 41. cxb5 Bxb5 42. Kc3 Kc5 43. g3 Be2 44. b4+
axb4+ 45. axb4+ Kd6 46. Kd2 Bb5 47. Ke3 Ba6 48. Bd3 Bb7 49. Be2 Bd5 50. b5
Kc5 51. Bf3 Bf7 52. Bc6 Bg6 53. Kf3 Bf5 54. Be8 Bd3 55. Kg4 Bc2 56. Bd7 Bd3
57. Kf3 Bg6 58. Ke3 Bc2 59. g4 Bg6 60. Bf5 Bf7 61. Ke4 Kxb5 62. Kxe5 Kc6
63. g6 Bb3 64. g5 Kc7 65. Be6 Bc2 66. Bf7 { Game drawn by mutual agreement
} 1/2-1/2

[Event "ICC tourney 2482 (75 10)"]
[Site "Internet Chess Club"]
[Date "2021.03.27"]
[Round "2"]
[White "SHEEHAN, ETHAN THOMAS:Chessking2008"]
[Black "YERRA, SAI SNEHA:saisneha"]
[Result "1-0"]
[ICCResult "Black forfeits on time"]
[WhiteElo "2196"]
[BlackElo "1901"]
[Opening "Nimzo-Indian: classical, Noa variation, 5.cd ed"]
[ECO "E35"]
[NIC "NI.23"]
[Time "15:31:54"]
[PlyCount "101"]
[TimeControl "4500+10"]

1. d4 Nf6 2. c4 e6 3. Nc3 Bb4 4. Qc2 d5 5. cxd5 exd5 6. Bg5 O-O 7. e3 h6 8.
Bh4 Be6 9. Nf3 Nbd7 10. Be2 c6 11. O-O Rc8 12. a3 Bd6 13. Bg3 Qc7 14. Rac1
Bxg3 15. hxg3 Rfe8 16. b4 Nb6 17. Ne5 Nc4 18. Nxc4 dxc4 19. e4 b5 20. Rcd1
Rcd8 21. Kh1 Bg4 22. f3 Bc8 23. e5 Nd5 24. Nxd5 Rxd5 25. Qc3 Red8 26. Rd2
Qb6 27. Rfd1 Be6 28. g4 g5 29. Qe3 Kf8 30. g3 R5d7 31. f4 Bd5+ 32. Kg1 gxf4
33. gxf4 Ke7 34. f5 Rg8 35. Rc1 Kd8 36. Qxh6 Kc7 37. Rc3 Rdd8 38. Qf4 Kb7
39. Rh3 Rh8 40. Qe3 Rdg8 41. Bd1 a5 42. Rdh2 Rxh3 43. Rxh3 axb4 44. axb4
Qa6 45. Qc1 Qa2 46. Rh2 Qa7 47. Qb2 Kc7 48. e6 Kd6 49. Rh7 Qb8 50. Qh2+ Ke7
51. Rxf7+ { Black forfeits on time } 1-0

[Event "ICC tourney 2482 (75 10)"]
[Site "Internet Chess Club"]
[Date "2021.03.27"]
[Round "2"]
[White "SRIPADA, HAVISH:brilliantnessme"]
[Black "ZHANG, DANIEL Y:dzchess01"]
[Result "0-1"]
[ICCResult "White checkmated"]
[WhiteElo "2036"]
[BlackElo "1907"]
[Opening "Sicilian: Taimanov variation"]
[ECO "B48"]
[NIC "SI.39"]
[Time "15:31:37"]
[PlyCount "140"]
[TimeControl "4500+10"]

1. e4 c5 2. Nf3 e6 3. d4 cxd4 4. Nxd4 Nc6 5. Nc3 a6 6. Be3 Qc7 7. Qf3 Nf6
8. O-O-O Be7 9. Nxc6 bxc6 10. Be2 d5 11. exd5 cxd5 12. Bf4 Qa5 13. Qg3 Bd7
14. Bd6 Rc8 15. Bxe7 Kxe7 16. Rhe1 Rc5 17. Qe5 Rhc8 18. Bf3 Kf8 19. Kb1 Ba4
20. Nxa4 Qxa4 21. c3 Ra5 22. a3 Rb5 23. Qd6+ Kg8 24. Rd4 Qb3 25. Rb4 Rxb4
26. Qxb4 Rb8 27. Qxb3 Rxb3 28. Kc2 Rb6 29. a4 Kf8 30. a5 Rc6 31. b4 Ke7 32.
Kb3 Kd6 33. Rc1 Nd7 34. Be2 Ne5 35. b5 Rc5 36. bxa6 Rxa5 37. Rc2 Kc7 38.
Ra2 Rxa2 39. Kxa2 Kb6 40. Kb3 Nc6 41. Bd3 h6 42. c4 d4 43. Be4 Nb8 44. a7
Kxa7 45. c5 Na6 46. Kc4 e5 47. c6 Kb6 48. Kd5 f6 49. f4 exf4 50. Kxd4 Nb4
51. Bf3 Nxc6+ 52. Ke4 g5 53. Kf5 Nd4+ 54. Kg4 f5+ 55. Kh3 Nxf3 56. gxf3 Kc5
57. Kg2 Kd4 58. h4 Ke3 59. hxg5 hxg5 60. Kg1 Kxf3 61. Kf1 Ke3 62. Ke1 f3
63. Kf1 f2 64. Kg2 Ke2 65. Kg3 f1=Q 66. Kh2 Qf2+ 67. Kh1 Qh4+ 68. Kg1 Qg4+
69. Kh1 Kf2 70. Kh2 Qh4# { White checkmated } 0-1

[Event "ICC tourney 2482 (75 10)"]
[Site "Internet Chess Club"]
[Date "2021.03.27"]
[Round "2"]
[White "XUE, JERRY Q:JQX2019"]
[Black "LEE, ALICE TERESA:binomialfactor"]
[Result "0-1"]
[ICCResult "White resigns"]
[WhiteElo "1935"]
[BlackElo "2200"]
[Opening "QGD semi-Slav: 5...Nd7"]
[ECO "D45"]
[NIC "SL.08"]
[Time "15:31:51"]
[PlyCount "130"]
[TimeControl "4500+10"]

1. d4 d5 2. c4 c6 3. Nc3 Nf6 4. Nf3 e6 5. e3 Nbd7 6. b3 Bb4 7. Qc2 O-O 8.
Bb2 Qe7 9. Be2 dxc4 10. bxc4 c5 11. O-O cxd4 12. exd4 b6 13. a3 Bd6 14. Nb5
Bb7 15. Nxd6 Qxd6 16. a4 Qc6 17. Rfd1 Rfe8 18. Rac1 Rac8 19. Qb3 Qe4 20.
Rc2 Nh5 21. Ne1 Qg6 22. Bf3 Bxf3 23. Qxf3 e5 24. d5 e4 25. Qc3 Ne5 26. Qb3
Nf3+ 27. Kh1 Nxe1 28. Rxe1 Nf4 29. Qg3 Qxg3 30. hxg3 Nxd5 31. Rd2 Nb4 32.
Rd4 Nc2 33. Rexe4 Nxd4 34. Rxd4 Re2 35. Ba3 Rxf2 36. Rd7 Ra2 37. Bd6 Rxa4
38. Rb7 h6 39. Bb8 Raxc4 40. Bxa7 R4c7 41. Rxc7 Rxc7 42. Bxb6 Rc3 43. Kh2
Kh7 44. Bd4 Rd3 45. Be5 f6 46. Bc7 Kg6 47. Bb6 Kg5 48. Bc5 Kg4 49. Bf8 g5
50. Bxh6 Rd7 51. Bf8 Rh7+ 52. Kg1 Kxg3 53. Bd6+ Kg4 54. Kf2 Rd7 55. Bb4 Rc7
56. Kf1 Rc1+ 57. Kf2 Rc2+ 58. Kf1 f5 59. Bd6 Ra2 60. Bc7 f4 61. Bd8 f3 62.
gxf3+ Kxf3 63. Kg1 g4 64. Bb6 Ra1+ 65. Kh2 g3+ { White resigns } 0-1

[Event "ICC tourney 2482 (75 10)"]
[Site "Internet Chess Club"]
[Date "2021.03.27"]
[Round "2"]
[White "TANG, ZOEY:WonderZ"]
[Black "KUDRIN, SERGEY:analyst1"]
[Result "1-0"]
[ICCResult "Black resigns"]
[WhiteElo "2048"]
[BlackElo "2479"]
[Opening "Trompowsky attack (Ruth, Opocenský opening)"]
[ECO "A45"]
[NIC "QP.07"]
[Time "15:31:42"]
[PlyCount "57"]
[TimeControl "4500+10"]

1. d4 Nf6 2. Bg5 d5 3. e3 c6 4. Bd3 g6 5. Ne2 Bg7 6. O-O O-O 7. Nd2 Nbd7 8.
c3 e5 9. Bc2 Re8 10. f4 exd4 11. exd4 Qb6 12. Rb1 Ng4 13. f5 Ne3 14. Bxe3
Rxe3 15. Nf3 Nf6 16. Kh1 Ne4 17. fxg6 hxg6 18. Nf4 Bh6 19. Ne5 Bf5 20. g4
Be6 21. Nxe6 fxe6 22. Bxe4 Rxe4 23. Nxg6 Qc7 24. g5 Bg7 25. Qh5 c5 26. Rf3
cxd4 27. Rbf1 dxc3 28. bxc3 d4 29. Rh3 { Black resigns } 1-0

[Event "ICC tourney 2482 (75 10)"]
[Site "Internet Chess Club"]
[Date "2021.03.27"]
[Round "2"]
[White "MOU, IRIS:MagicStar"]
[Black "WANG, RYAN R:ryanwang"]
[Result "0-1"]
[ICCResult "White checkmated"]
[WhiteElo "2008"]
[BlackElo "1916"]
[Opening "Sicilian: Nimzovich-Rossolimo attack (with ...g6, without ...d6)"]
[ECO "B31"]
[NIC "SI.31"]
[Time "15:32:50"]
[PlyCount "110"]
[TimeControl "4500+10"]

1. e4 c5 2. Nf3 Nc6 3. Bb5 g6 4. O-O Bg7 5. c3 e5 6. d3 Nge7 7. Re1 O-O 8.
Bg5 d6 9. Nbd2 Qc7 10. Nf1 Be6 11. Ne3 f5 12. Bh4 h6 13. Bxe7 Nxe7 14. exf5
gxf5 15. Bc4 d5 16. Bb3 Rad8 17. d4 c4 18. Bc2 f4 19. Nf1 e4 20. N3d2 Nf5
21. g3 fxg3 22. hxg3 Qf7 23. Qe2 Bxd4 24. cxd4 Nxd4 25. Qd1 Qxf2+ 26. Kh1
Bh3 27. Ne3 Nf5 28. Ndf1 d4 29. Qe2 Qxe2 30. Rxe2 dxe3 31. Kh2 Bg4 32. Ree1
e2 33. Bxe4 exf1=Q 34. Rxf1 Rd2+ 35. Kg1 Nxg3 36. Rxf8+ Kxf8 37. Bxb7 Rxb2
38. Bd5 c3 39. Bc4 Bh3 40. Bd5 c2 41. Re1 Rb1 42. Kf2 Rxe1 43. Kxe1 c1=Q+
44. Kf2 Qd2+ 45. Kxg3 Qxd5 46. Kxh3 Qxa2 47. Kg3 Qc4 48. Kf3 a5 49. Kg3 a4
50. Kh3 a3 51. Kg3 a2 52. Kf3 a1=Q 53. Ke3 Qa3+ 54. Kf2 Qc2+ 55. Kg1 Qa1# {
White checkmated } 0-1

[Event "ICC tourney 2482 (75 10)"]
[Site "Internet Chess Club"]
[Date "2021.03.27"]
[Round "2"]
[White "Kodarapu, Ishaan:pika0008"]
[Black "ZENG, SHEENA:shianen"]
[Result "1-0"]
[ICCResult "Black resigns"]
[WhiteElo "1965"]
[BlackElo "2197"]
[Opening "English opening"]
[ECO "A05"]
[NIC "QP.11"]
[Time "15:31:47"]
[PlyCount "111"]
[TimeControl "4500+10"]

1. Nf3 Nf6 2. c4 c6 3. e3 d5 4. Nc3 e6 5. b3 Bd6 6. Bb2 Nbd7 7. Qc2 a6 8.
d4 Qe7 9. Bd3 O-O 10. O-O-O h6 11. e4 dxe4 12. Nxe4 Nxe4 13. Bxe4 Nf6 14.
Bd3 Ba3 15. Rhg1 Nd7 16. g4 Bxb2+ 17. Kxb2 c5 18. g5 h5 19. d5 exd5 20.
Bh7+ Kh8 21. Rxd5 Nb6 22. Re5 Qd6 23. Rd1 Qc7 24. Bf5 Qc6 25. Nh4 Bxf5 26.
Qxf5 g6 27. Qf3 Qxf3 28. Nxf3 Rad8 29. Rxd8 Rxd8 30. Kc2 Kg7 31. Rxc5 Rd7
32. a4 f6 33. Kc3 Na8 34. Nd4 Kf7 35. a5 Nc7 36. f4 Ne6 37. Nxe6 Kxe6 38.
gxf6 Kxf6 39. Rd5 Re7 40. b4 Re2 41. Rd7 Rxh2 42. Rxb7 Ra2 43. c5 h4 44.
Rh7 Rh2 45. c6 Rh3+ 46. Kd4 Rh1 47. c7 Rc1 48. b5 axb5 49. a6 h3 50. a7
Rd1+ 51. Ke3 Re1+ 52. Kd2 Re8 53. Rxh3 b4 54. Rb3 Rc8 55. Rxb4 Ke7 56. Rb8
{ Black resigns } 1-0

[Event "ICC tourney 2482 (75 10)"]
[Site "Internet Chess Club"]
[Date "2021.03.27"]
[Round "2"]
[White "GUILLEMETTE, HUGO:Heliosis"]
[Black "MYSORE, ABHINAV NAVEEN:Mapking1"]
[Result "1/2-1/2"]
[ICCResult "Game drawn by repetition"]
[WhiteElo "1915"]
[BlackElo "1979"]
[Opening "Sicilian: Canal-Sokolsky (Nimzovich-Rossolimo, Moscow) attack"]
[ECO "B51"]
[NIC "SI.01"]
[Time "15:31:50"]
[PlyCount "106"]
[TimeControl "4500+10"]

1. e4 c5 2. Nf3 d6 3. Bb5+ Nd7 4. d4 cxd4 5. Qxd4 Nf6 6. O-O a6 7. Bxd7+
Bxd7 8. c4 g6 9. Nc3 Bg7 10. Qd3 O-O 11. Rd1 Bc6 12. Nd4 Qc7 13. b3 Rab8
14. Bb2 Nd7 15. Qe2 Qa5 16. Rac1 Rfc8 17. Ba1 Nc5 18. Nd5 Bxd5 19. exd5 Re8
20. Bc3 Qc7 21. Qf3 Qd7 22. Ne2 b5 23. Bxg7 Kxg7 24. Nd4 bxc4 25. Rxc4 a5
26. h3 Kg8 27. Rdc1 e5 28. Nc6 Ra8 29. Re1 f5 30. Nxe5 Qg7 31. Nd3 Rxe1+
32. Nxe1 Qa1 33. Qe2 Kf8 34. Qd2 Re8 35. Rc1 Re2 36. Qxe2 Qxc1 37. Kh2 Qf4+
38. g3 Qd4 39. Nf3 Qxd5 40. Nd2 a4 41. Qe3 Nd3 42. bxa4 Ne5 43. Nb3 Nf3+
44. Kg2 Nh4+ 45. Kf1 Qd1+ 46. Qe1 Qd3+ 47. Qe2 Qb1+ 48. Qe1 Qd3+ 49. Qe2
Qb1+ 50. Qe1 Qd3+ 51. Qe2 Qb1+ 52. Qe1 Qd3+ 53. Qe2 Qb1+ { Game drawn by
repetition } 1/2-1/2

[Event "ICC tourney 2482 (75 10)"]
[Site "Internet Chess Club"]
[Date "2021.03.27"]
[Round "2"]
[White "JOSEPH BENHER, SAVIO Bennihyn:savchess06"]
[Black "LIANG, YU-CHENG:Yucheng"]
[Result "1-0"]
[ICCResult "Black resigns"]
[WhiteElo "2096"]
[BlackElo "1921"]
[Opening "Ruy Lopez: Anderssen variation"]
[ECO "C77"]
[NIC "RL.12"]
[Time "15:31:44"]
[PlyCount "73"]
[TimeControl "4500+10"]

1. e4 e5 2. Nf3 Nc6 3. Bb5 a6 4. Ba4 Nf6 5. d3 b5 6. Bb3 Be7 7. a4 b4 8. a5
d6 9. O-O O-O 10. h3 Rb8 11. Nbd2 Nd7 12. Bd5 Na7 13. c3 bxc3 14. bxc3 c6
15. Bc4 Nb5 16. Qc2 Nf6 17. Re1 Nc7 18. d4 exd4 19. cxd4 Bb7 20. Bd3 h6 21.
Nf1 Re8 22. Ng3 Bf8 23. Nf5 Ne6 24. Bd2 d5 25. e5 Nd7 26. Qd1 c5 27. Bb1
Be7 28. Qc2 Ndf8 29. Nxe7+ Qxe7 30. dxc5 Qxc5 31. Qf5 Nd4 32. Qd3 Nxf3+ 33.
Qxf3 Ng6 34. e6 Qf8 35. Bb4 Ne7 36. Bh7+ Kxh7 37. exf7 { Black resigns }
1-0

[Event "ICC tourney 2482 (75 10)"]
[Site "Internet Chess Club"]
[Date "2021.03.27"]
[Round "2"]
[White "Dragun, Kamil:Dragso95"]
[Black "Vittal, Sanjana:MCTS13"]
[Result "1-0"]
[ICCResult "Black resigns"]
[WhiteElo "2607"]
[BlackElo "2196"]
[Opening "Réti: King's Indian attack (Barcza system)"]
[ECO "A07"]
[NIC "QP.09"]
[Time "15:31:45"]
[PlyCount "159"]
[TimeControl "4500+10"]

1. Nf3 d5 2. g3 Nf6 3. Bg2 Bg4 4. O-O Nbd7 5. d4 e6 6. Nbd2 Bd6 7. Re1 c6
8. e4 dxe4 9. Nxe4 Nxe4 10. Rxe4 Nf6 11. Re1 O-O 12. c3 Qc7 13. Qb3 Nd7 14.
Be3 e5 15. Ng5 h6 16. Ne4 exd4 17. Bxd4 Be5 18. Be3 Be6 19. Qc2 Nf6 20. Nc5
Bd5 21. f3 Rfe8 22. Nd3 Bd6 23. c4 Be6 24. c5 Bf8 25. Bf4 Qd8 26. Rad1 Nd5
27. Be5 Qa5 28. f4 Rad8 29. a3 Bf5 30. Be4 Bxe4 31. Rxe4 f6 32. Ra4 Qb5 33.
Bd4 Ne3 34. Bxe3 Rxe3 35. Rc4 Qa5 36. Rc3 Qc7 37. Kf2 Rde8 38. Nc1 Rxc3 39.
Qxc3 Qf7 40. b4 Qh5 41. Qb3+ Kh8 42. Kg2 a5 43. Qf3 Qf5 44. Nd3 axb4 45.
axb4 Ra8 46. Nf2 Re8 47. Qd3 Qxd3 48. Rxd3 Kg8 49. f5 Re5 50. Rd7 Re7 51.
Rxe7 Bxe7 52. Kf3 Kf7 53. Ne4 g6 54. Kf4 h5 55. h4 Kg7 56. g4 gxf5 57. Kxf5
hxg4 58. h5 Kh6 59. Ng3 Bd8 60. Kxg4 b6 61. Nf5+ Kh7 62. cxb6 Bxb6 63. Kf3
Bc7 64. Ke4 Bb6 65. Kf3 Bc7 66. Ne7 Kh6 67. Kg4 Bb6 68. Nxc6 f5+ 69. Kxf5
Kxh5 70. Ne5 Kh6 71. b5 Kg7 72. Ke6 Bc7 73. Nc4 Kf8 74. Kd7 Bb8 75. b6 Kf7
76. Nd6+ Kf6 77. Ne8+ Kf7 78. Nc7 Kf6 79. Kc8 Ke7 80. Kxb8 { Black resigns
} 1-0

[Event "ICC tourney 2482 (75 10)"]
[Site "Internet Chess Club"]
[Date "2021.03.27"]
[Round "2"]
[White "Massick, Laine:Laine23"]
[Black "THOMAS, KENNETH PATRICK:kpthomas"]
[Result "1/2-1/2"]
[ICCResult "Game drawn by repetition"]
[WhiteElo "1935"]
[BlackElo "2110"]
[Opening "Sicilian: Canal-Sokolsky attack, 3...Bd7"]
[ECO "B52"]
[NIC "SI.01"]
[Time "15:31:38"]
[PlyCount "91"]
[TimeControl "4500+10"]

1. e4 c5 2. Nf3 d6 3. Bb5+ Bd7 4. Bxd7+ Qxd7 5. O-O Nf6 6. Re1 Nc6 7. c3 e6
8. d4 d5 9. exd5 Qxd5 10. Be3 cxd4 11. Nxd4 Be7 12. h3 O-O 13. Qe2 a6 14.
Nd2 b5 15. N2f3 Rac8 16. Rad1 Nxd4 17. Nxd4 Qb7 18. f4 Qc7 19. Qf3 g6 20.
g4 Nd5 21. Bc1 b4 22. Bd2 bxc3 23. bxc3 Rcd8 24. Rc1 Bc5 25. Kh1 Bxd4 26.
cxd4 Qd6 27. f5 exf5 28. gxf5 Rfe8 29. Rxe8+ Rxe8 30. Rg1 Nf6 31. fxg6 fxg6
32. Bc3 Qd5 33. Qxd5+ Nxd5 34. Re1 Rxe1+ 35. Bxe1 Kf7 36. Kg2 Nf4+ 37. Kg3
Ne2+ 38. Kf3 Nxd4+ 39. Ke4 Nc2 40. Bc3 Ke6 41. Kf4 h5 42. Kg5 Kf7 43. Kf4
Ke6 44. Kg5 Kf7 45. Kf4 Ke6 46. Kg5 { Game drawn by repetition } 1/2-1/2

[Event "ICC tourney 2482 (75 10)"]
[Site "Internet Chess Club"]
[Date "2021.03.27"]
[Round "2"]
[White "SRINIAIYER, SUDARSHAN:Ambuli123"]
[Black "VAKHIDOV, JAKHONGIR:TjkTiger"]
[Result "0-1"]
[ICCResult "White resigns"]
[WhiteElo "2170"]
[BlackElo "2610"]
[Opening "Old Indian defense"]
[ECO "A42"]
[NIC "OI.07"]
[Time "15:32:32"]
[PlyCount "96"]
[TimeControl "4500+10"]

1. d4 d6 2. c4 e5 3. dxe5 dxe5 4. Qxd8+ Kxd8 5. e4 Be6 6. Nf3 f6 7. Be3 Nd7
8. Nc3 Bb4 9. Rc1 c6 10. Be2 Nh6 11. h3 Nf7 12. O-O Nd6 13. Nd2 Bf7 14. a3
Bc5 15. Bxc5 Nxc5 16. b4 Ne6 17. c5 Ne8 18. Bc4 Ke7 19. Nb3 N8c7 20. Na5
Rab8 21. Ne2 Rhc8 22. Rfd1 Be8 23. Bxe6 Nxe6 24. Nc4 Bg6 25. Nd6 Rd8 26.
Ng3 Nd4 27. Ngf5+ Bxf5 28. Nxf5+ Ke6 29. Nxd4+ Rxd4 30. f3 Rbd8 31. Rxd4
Rxd4 32. Rc2 Rd1+ 33. Kf2 Ra1 34. Rc3 Ra2+ 35. Kg3 Rd2 36. h4 g6 37. Rb3 f5
38. b5 Kd7 39. exf5 gxf5 40. b6 a6 41. Rc3 Ke6 42. h5 h6 43. Kh3 e4 44. g4
Rd3 45. gxf5+ Kxf5 46. Rc2 Kf4 47. Rg2 e3 48. Rg7 e2 { White resigns } 0-1

[Event "ICC tourney 2482 (75 10)"]
[Site "Internet Chess Club"]
[Date "2021.03.27"]
[Round "2"]
[White "QUIRKE, JEFFREY L:PawnEatingZombi"]
[Black "WISNIOWSKI, NATALIE:canary2016"]
[Result "1-0"]
[ICCResult "Black checkmated"]
[WhiteElo "2200"]
[BlackElo "1956"]
[Opening "QGD semi-Slav: Stoltz variation"]
[ECO "D45"]
[NIC "SL.08"]
[Time "15:31:41"]
[PlyCount "111"]
[TimeControl "4500+10"]

1. d4 d5 2. c4 c6 3. Nc3 Nf6 4. e3 e6 5. Nf3 Nbd7 6. Qc2 Bd6 7. Bd3 dxc4 8.
Bxc4 b5 9. Be2 O-O 10. O-O Bb7 11. e4 e5 12. dxe5 Nxe5 13. Nh4 Nfg4 14. Nf5
g6 15. Nxd6 Qxd6 16. Bf4 Qe7 17. h3 Nf6 18. Bg5 Ned7 19. Rad1 Rad8 20. Rfe1
Rfe8 21. Bf1 Qc5 22. Be3 Qf8 23. Bf4 Nc5 24. Rxd8 Rxd8 25. Bg5 Ncd7 26. e5
Re8 27. Qd2 b4 28. Bxf6 Nxf6 29. exf6 bxc3 30. Qxc3 Bc8 31. Bc4 Bf5 32. Re5
Rxe5 33. Qxe5 Qd8 34. Kh2 a5 35. b3 Bd7 36. Qd6 h5 37. h4 Qe8 38. Kg3 Bf5
39. Qc7 a4 40. bxa4 Bd7 41. Kf3 c5 42. a5 Bc6+ 43. Kg3 Be4 44. Qe7 Qxe7 45.
fxe7 Bc6 46. a6 Kg7 47. a7 Kf6 48. e8=Q Bxe8 49. a8=Q Bd7 50. Qd8+ Kg7 51.
Qxd7 Kh6 52. Qxf7 g5 53. Qf6+ Kh7 54. hxg5 h4+ 55. Kh2 h3 56. Qh6# { Black
checkmated } 1-0